 Dungeon Crawl Stone Soup version 0.26-b1-57-gb162d0664a (webtiles) character file.

Game seed: 11435905438645979067

56 Goreval the Conjurer (level 3, -5/21 HPs)
             Began as an Octopode Conjurer on Jan 8, 2021.
             Slain by a river rat (8 damage)
             ... on level 3 of the Dungeon.
             The game lasted 00:03:08 (2330 turns).

Goreval the Conjurer (Octopode Conjurer)            Turns: 2330, Time: 00:03:09

Health: -5/21      AC:  1    Str:  6    XL:     3   Next: 97%
Magic:  3/6        EV: 13    Int: 21    God:
Gold:   70         SH:  0    Dex: 10    Spells: 0/6 levels left

rFire    . . .     SeeInvis .   (no weapon)
rCold    . . .     Faith    .   (no shield)
rNeg     . . .     Spirit   .   (helmet restricted)
rPois    .         Reflect  .   (no amulet)
rElec    .         Harm     .   (no ring)
rCorr    .         Rampage  .   (no ring)
Will     .....                  (no ring)
Stlth    +++.......             (no ring)
HPRegen  0.07/turn              (no ring)
MPRegen  0.10/turn              (no ring)
                                (no ring)
                                (no ring)

@: no status effects
A: almost no armour, stealthy swim, amphibious, 8 rings, constrict 8, camouflage
1, gelatinous body 1
a: no special abilities


You were on level 3 of the Dungeon.
You visited 1 branch of the dungeon, and saw 3 of its levels.

You collected 70 gold pieces.

Inventory:

Armour
 f - a +0 buckler
Scrolls
 b - 2 scrolls of teleportation {unknown}
 d - 2 scrolls of magic mapping {unknown}
 e - 2 scrolls of remove curse {unknown}
 g - 3 scrolls of identify {unknown}
 i - a scroll of blinking {unknown}
 j - a scroll of enchant armour {unknown}
 k - a scroll of immolation {unknown}
Potions
 a - a potion of magic {unknown}
 c - 5 potions of curing {unknown}
 h - a potion of ambrosia {unknown}
 l - a potion of berserk rage {unknown}


   Skills:
 + Level 2.5 Dodging
 + Level 3.5 Stealth
 + Level 2.4 Spellcasting
 * Level 4.6 Conjurations


You couldn't memorise any spells.
You knew the following spells:

 Your Spells              Type           Power        Failure   Level
a - Magic Dart            Conj           84%          2%          1
b - Searing Ray           Conj           42%          3%          2
c - Dazzling Flash        Conj/Hex       24%          17%         3

Your spell library contained the following spells:

 Spells                   Type           Power        Failure   Level
 Fulminant Prism          Conj/Hex       6%           50%         4
 Iskenderun's Mystic Bla  Conj/Tloc      12%          50%         4


Dungeon Overview and Level Annotations

Branches:
Dungeon (3/15)

Altars:
Lugonu


Innate Abilities, Weirdness & Mutations

You cannot wear most types of armour.
You are very stealthy in the water. (Stealth+)
You are amphibious.
You can wear up to eight rings at the same time.
You can use your tentacles to constrict eight enemies at once.
Your skin changes colour to match your surroundings (Stealth+).
Your rubbery body absorbs attacks. (AC +1, EV +1)


Message History

You constrict the river rat, but do no damage.
The river rat bites you.
You tentacle-slap the river rat but do no damage.
You constrict the river rat. The river rat barely misses you.
You tentacle-slap the river rat but do no damage.
You constrict the river rat, but do no damage.
The river rat completely misses you.
You tentacle-slap the river rat but do no damage.
You constrict the river rat, but do no damage.
The river rat misses you.
You tentacle-slap the river rat but do no damage.
You constrict the river rat. The river rat bites you!
You completely miss the river rat. You constrict the river rat.
The river rat bites you.
* * * LOW HITPOINT WARNING * * *
Unknown command.
You release your grip on the river rat.
There is a stone staircase leading up here.
The river rat bites you!
You die...

#.#### #.#.#
#>...###...#
##......†.#
#........#
#........#######
#.........##...##
#...............##
#................#
..............r@...#
###................#
######........$.##
##...##...##
##########


You could see a river rat.

Vanquished Creatures
  A worm (D:2)
  4 dart slugs (D:1)
  2 leopard geckos
  An orc (D:3)
  A ball python (D:3)
  2 giant cockroaches
  7 goblins
  2 hobgoblins
  4 jackals (D:2)
  5 bats
  2 frilled lizards
  6 kobolds
  4 rats
41 creatures vanquished.

Notes
Turn   | Place    | Note
-------+----------+-------------------------------------------
     0 | D:1      | Goreval the Octopode Conjurer began the quest for the Orb.
     0 | D:1      | Reached XP level 1. HP: 11/11 MP: 3/3
   203 | D:1      | Reached XP level 2. HP: 15/17 MP: 0/5
   206 | D:1      | Learned a level 2 spell: Searing Ray
   905 | D:1      | Reached XP level 3. HP: 21/21 MP: 3/6
   910 | D:1      | Learned a level 3 spell: Dazzling Flash
  2082 | D:2      | Found a faded altar of an unknown god.
  2114 | D:2      | Became a worshipper of Lugonu the Unformed
  2114 | D:2      | Reached * piety under Lugonu
  2114 | D:2      | Reached ** piety under Lugonu
  2116 | D:2      | Fell from the grace of Lugonu
  2330 | D:3      | Slain by a river rat

Illustrated notes

Levels and vault maps discovered:
D:1:      scummos_arrival_forest, layout_basic, serial_aquarium,
          aquarium_bridge_island_small [aquarium_subvault_small_open,
          aquarium_subvault_bridge, aquarium_subvault_balcony,
          aquarium_subvault_wall, aquarium_subvault_balcony],
          aquarium_window_fake, aquarium_window_1, aquarium_window_corner,
          aquarium_window_3, aquarium_view_2d, aquarium_view_2b,
          aquarium_pool_double
D:2:      layout_rooms, chequers_ecumenical_altar_island
D:3:      layout_rooms, bloody_trog, cheibrodos_sewer_entry_sluice,
          nrook_mini_backslash, kennysheep_generic_room_2,
          uniq_crazy_yiuf_cottage

Skill      XL: |  1 |
---------------+----+-----
Stealth        | 3 |  3.5
Dodging        | |  2.5
Spellcasting   | |  2.4
Conjurations   | |  4.6

Action                   || total
-------------------------++-------
Melee: Unarmed           ||    49
       Constrict         ||    12
       Tentacles         ||     7
 Cast: Magic Dart        ||    62
       Searing Ray       ||     3
Invok: Renounce Religion ||     1
 Stab: Sleeping          ||     2
Armor: Skin              ||     8
Dodge: Dodged            ||    36
